 Dungeon Crawl Stone Soup version 0.30-a0-1114-gd936c97349 (webtiles) character file.

Game seed: 14034558470811808392

10 GenialerGandalf the Chopper (level 2, -23/27 HPs)
             Began as a Hill Orc Chaos Knight on Apr 21, 2023.
             Was a Plaything of Xom.
             Engulfed by a fire crab (shapeshifter)'s flame (40 damage)
             ... on level 1 of the Dungeon.
             The game lasted 00:03:08 (192 turns).

GenialerGandalf the Chopper (Hill Orc Chaos Knight)  Turns: 192, Time: 00:03:08

Health: -23/27     AC:  5    Str: 14    XL:     2   Next: 20%
Magic:  2/2        EV: 11    Int: 12    God:    Xom [..*...]
Gold:   9          SH:  0    Dex: 10    Spells: 1/1 levels left

rFire   x . .      SeeInvis .    a - +0 hand axe (chaos)
rCold   + . .      Faith    .    (no shield)
rNeg    . . .      Spirit   .    b - +2 leather armour
rPois   .          Reflect  .    (no helmet)
rElec   .          Rampage  .    (no cloak)
rCorr   .                        (no gloves)
Will    .....                    (no boots)
Stlth   +                        (no amulet)
HPRegen 0.24/turn                d - ring of ice
MPRegen 0.08/turn                (no ring)

@: on berserk cooldown, slowed, invisible, very slow
A: no striking features
a: Renounce Religion


You were on level 1 of the Dungeon.
You worshipped Xom.
You were a toy of Xom.
You visited 1 branch of the dungeon, and saw 1 of its levels.

You collected 9 gold pieces.

Inventory:

Hand Weapons
 a - a +0 hand axe of chaos (weapon)
Armour
 b - a +2 leather armour (worn)
Jewellery
 d - a ring of ice (left hand)
Miscellaneous
 c - a piece from Xom's chessboard (15/15) (quivered)


   Skills:
 * Level 3.9 Fighting
 * Level 4.4 Axes
 * Level 2.2 Armour
 - Level 0.7 Dodging
 * Level 0.3 Evocations


You had one spell level left.
You didn't know any spells.
Your spell library was empty.

Dungeon Overview and Level Annotations

Branches:
Dungeon (1/15)

Altars:


Message History

You hit the rime drake but do no damage.
The rime drake is moderately wounded.
The rime drake breathes ice at you. The icy flash freeze misses you.
You hit the rime drake.
The rime drake suddenly seems more resistant.
The rime drake is heavily wounded.
The rime drake bites you but does no damage.
You closely miss the rime drake.
The rime drake is heavily wounded.
The rime drake changes into a cane toad!
You hit the cane toad but do no damage. The cane toad misses you.
Cleave: a) +0 hand axe (chaos)
Press: ? - help, Dir - move target, f - cane toad
Aim: a cane toad shaped shifter (about 36% to evade your +0 hand axe of chaos)
Okay, then.
You closely miss the cane toad. The cane toad stings you!
You aren't carrying any scrolls.
It was a potion of invisibility {curing}.
You fade into invisibility!
Xom roars with laughter!
The cane toad stings you. The cane toad barely misses you.
The cane toad changes into a fire crab!
The fire crab breathes flames at something.
Xom grants you a minor favour.
A red film seems to cover your vision as you go berserk!
You feel yourself moving faster!
You feel mighty!
You feel a strong urge to attack something.
The fire crab breathes flames at something.
You feel your anger nearly subside.
You are no longer berserk.
You are exhausted.
You feel yourself slow down.
You open the door.
The fire crab breathes flames at something.
There is an open door here.
Ouch! That really hurt!
You die...
Xom bursts into laughter!

.......'..........#.#
.......###....°..##.#
..:.... #...))t....#####
....... #...°†○........#
####### #...##○.°......#
#...##○°°......#
#...##○°.......#
#...°°°°.......#
#####...@#°°.......#
...######...#....#.........#
#..........')..>#.........#
######.#...#...##.........#
##.#...######.........#
##..#...# ###########
#..##...# #.###...# #.#
#....


There were no monsters in sight!

Vanquished Creatures
  A ball python (D:1)
  An endoplasm (D:1)
  A giant cockroach (D:1)
  A goblin (D:1)
  A hobgoblin (D:1)
  2 kobolds (D:1)
  A frilled lizard (D:1)
  A rat (D:1)
9 creatures vanquished.

Notes
Turn   | Place    | Note
-------+----------+-------------------------------------------
     0 | D:1      | GenialerGandalf the Hill Orc Chaos Knight began the quest
                  | for the Orb.
     0 | D:1      | Reached XP level 1. HP: 19/19 MP: 1/1
    83 | D:1      | Reached XP level 2. HP: 20/27 MP: 2/2
   170 | D:1      | a hobgoblin changed into a shapeshifter
   170 | D:1      | Noticed a shapeshifter (shapeshifter)
   170 | D:1      | a shapeshifter changed into a rime drake
   170 | D:1      | Noticed a rime drake (shapeshifter)
   173 | D:1      | a rime drake changed into a cane toad
   173 | D:1      | Noticed a cane toad (shapeshifter)
   179 | D:1      | a cane toad changed into a fire crab
   179 | D:1      | Noticed a fire crab (shapeshifter)
   184 | D:1      | XOM: potion effect (berserk rage)
   192 | D:1      | Engulfed by a fire crab (shapeshifter)'s flame

Illustrated notes

Levels and vault maps discovered:
D:1:      dpeg_arrival_erosion, layout_basic, minivault_23

Action                     || total
---------------------------++-------
  Melee: Hand axe          ||    30
    Use: Potion            ||     1
 Armour: Leather armour    ||     8
  Dodge: Dodged            ||    21

Table legend: (Time is in decaauts)
 A = Elapsed time spent in this place.
 B = Non-inter-level travel time spent in this place.
 C = Inter-level travel time spent in this place.
 D = Time resting spent in this place.
 E = Time spent auto-exploring this place.
 F = Levels seen in this place.
 G = Mean time per level.
                   A        B        C        D        E       F      G
               +--------+--------+--------+--------+--------+-----+--------+
         Total |    193 |    193 |      0 |      0 |    115 |   1 |  193.0 |
       Dungeon |    193 |    193 |      0 |      0 |    115 |   1 |  193.0 |
               +--------+--------+--------+--------+--------+-----+--------+

Top non-repeatable levels by time:
     D:1: 193 daAuts
